 Dungeon Crawl Stone Soup version 0.28-a0-1339-ga5422284a4 (webtiles) character file.

Game seed: 18227841123140927007

24 bande the Skirmisher (level 3, -4/24 HPs)
             Began as a Gargoyle Fighter on Dec 29, 2021.
             Slain by a gnoll (9 damage)
             ... on level 1 of the Dungeon.
             The game lasted 00:01:17 (1289 turns).

bande the Skirmisher (Gargoyle Fighter)             Turns: 1289, Time: 00:01:18

Health: -4/24      AC: 10    Str: 19    XL:     3   Next: 2%
Magic:  3/3        EV:  9    Int:  8    God:
Gold:   49         SH:  4    Dex: 11    Spells: 2/2 levels left

rFire   . . .      SeeInvis .   a - +0 war axe
rCold   . . .      Faith    .   c - +0 buckler
rNeg    + . .      Spirit   .   b - +0 scale mail
rPois   ∞          Reflect  .   (no helmet)
rElec   +          Harm     .   (no cloak)
rCorr   .          Rampage  .   (no gloves)
Will    .....                   (no boots)
Stlth   ..........              (no amulet)
HPRegen 0.08/turn               (no ring)
MPRegen 0.08/turn               (no ring)

@: no status effects
A: sickness immunity, AC +3, negative energy resistance 1, electricity
resistance, torment resistance 1, petrification resistance
a: no special abilities


You were on level 1 of the Dungeon.
You visited 1 branch of the dungeon, and saw 2 of its levels.

You collected 49 gold pieces.

Inventory:

Hand Weapons
 a - a +0 war axe (weapon)
Armour
 b - a +0 scale mail (worn)
 c - a +0 buckler (worn)
Potions
 d - a potion of might
 e - 2 potions of curing {unknown}


   Skills:
 + Level 3.7 Fighting
 + Level 2.1 Axes
 + Level 3.5 Armour
 + Level 3.5 Shields


You had 2 spell levels left.
You didn't know any spells.
Your spell library contained the following spells:

 Spells                   Type           Power      Damage    Failure   Level
 Static Discharge         Conj/Air       0%         N/A       90%         2
 Lightning Bolt           Conj/Air       0%         1d11      100%        5
 Maxwell's Capacitive Co  Air            0%         ∞         100%        8


Dungeon Overview and Level Annotations

Branches:
Dungeon (2/15)

Altars:


Innate Abilities, Weirdness & Mutations

You are immune to sickness and miasma.
Your stone body is resilient. (AC +3)
You are immune to poison.
You resist negative energy. (rN+)
You are resistant to electric shocks. (rElec)
You are resistant to unholy torment.
You are immune to petrification.


Message History

There are monsters nearby!
The gnoll shouts!
A gnoll comes into view. It is wielding a +0 spear.
You block the gnoll's attack.
The gnoll hits you from afar with a +0 halberd.
A kobold comes into view. It is wielding a +0 dagger.
The kobold shouts!
You see here a viscous emerald potion.
The kobold throws a stone.
The stone hits you. The gnoll closely misses you.
There is a stone staircase leading up here.
You block the gnoll's attack.
You climb upwards.
There is a stone staircase leading down here.
You start resting.
HP restored.
You climb downwards.
You block the gnoll's attack. The gnoll closely misses you.
There is a stone staircase leading up here.
You block the gnoll's attack.
The gnoll hits you from afar with a +0 spear.
The gnoll closely misses you. The gnoll hits you but does no damage.
You climb upwards.
There is a stone staircase leading down here.
You start resting.
HP restored.
You climb downwards.
The gnoll hits you but does no damage. You block the gnoll's attack.
The gnoll hits you with a +0 halberd.
There is a stone staircase leading up here.
The gnoll hits you but does no damage. x2
The gnoll hits you with a +0 halberd!
You climb upwards.
There is a stone staircase leading down here.
You barely miss the gnoll. You closely miss the gnoll.
The gnoll hits you but does no damage. You block the gnoll's attack.
The gnoll hits you with a +0 club.
* * * LOW HITPOINT WARNING * * *
You completely miss the gnoll. You barely miss the gnoll.
The gnoll hits you with a +0 halberd!
You die...

##...## #.# #.#.#
##'## #.###.#.# #.#
#.....((# #.#
#####.### ##.######
#.# ##.......# #.#
#####.....##.# #.#
..........##.#######.#
.#####..#......g@g...#
## #.)####.#########
#..####.# #.......# ##
##.###### .# #.# .#
#.# .# #.# .#### #.#
#####


You could see 2 gnolls.

Vanquished Creatures
  A dart slug (D:1)
  3 endoplasms (D:1)
  3 goblins (D:1)
  A hobgoblin (D:1)
  3 jackals (D:1)
  3 kobolds (D:1)
  A quokka (D:1)
  2 ball pythons (D:1)
  A bat (D:2)
  3 frilled lizards (D:1)
21 creatures vanquished.

Notes
Turn   | Place    | Note
-------+----------+-------------------------------------------
     0 | D:1      | bande the Gargoyle Fighter began the quest for the Orb.
     0 | D:1      | Reached XP level 1. HP: 14/14 MP: 1/1
   115 | D:1      | Reached XP level 2. HP: 10/19 MP: 2/2
   952 | D:1      | Found a faded altar of an unknown god.
  1012 | D:1      | Reached XP level 3. HP: 24/24 MP: 3/3
  1289 | D:1      | Slain by a gnoll

Illustrated notes

Levels and vault maps discovered:
D:1:      zelgadis_glass_arrival_small, layout_loops_corners,
          hellmonk_ecumenical_altar_prayer_group
D:2:      layout_loops_corners

Skill      XL: |  1  2 |
---------------+-------+-----
Axes           | 2 |  2.1
Fighting       | |  3.7
Armour         | |  3.5
Shields        | |  3.5

Action                   || total
-------------------------++-------
Melee: War axe           ||    43
Armor: Scale mail        ||    41
Dodge: Dodged            ||    22
Block: Buckler           ||    17

Table legend: (Time is in decaauts)
 A = Elapsed time spent in this place.
 B = Non-inter-level travel time spent in this place.
 C = Inter-level travel time spent in this place.
 D = Time resting spent in this place.
 E = Time spent auto-exploring this place.
 F = Levels seen in this place.
 G = Mean time per level.
                   A        B        C        D        E       F      G
               +--------+--------+--------+--------+--------+-----+--------+
         Total |   1308 |   1308 |      0 |    367 |    752 |   2 |  654.0 |
       Dungeon |   1308 |   1308 |      0 |    367 |    752 |   2 |  654.0 |
               +--------+--------+--------+--------+--------+-----+--------+

Top non-repeatable levels by time:
     D:1: 1253 daAuts
     D:2: 55 daAuts
